 Dungeon Crawl Stone Soup version 0.30-a0-354-g6b83867211 (webtiles) character file.

Game seed: 131062854315201400

317 koil the Chopper (level 6, -4/46 (52) HPs)
             Began as a Hill Orc Reaver on Nov 8, 2022.
             Slain by a gnoll
             ... wielding a +0 whip
              (8 damage)
             ... on level 4 of the Dungeon.
             The game lasted 00:17:13 (3403 turns).

koil the Chopper (Hill Orc Reaver)                  Turns: 3403, Time: 00:17:14

HP:   -4/46 (52)    AC:  8    Str: 15    XL:     6   Next: 45%
MP:   9/9           EV: 11    Int: 15    God:
Gold: 186           SH:  0    Dex:  9    Spells: 6/9 levels left

rFire   . . .      SeeInvis .    a - +0 hand axe
rCold   . . .      Faith    .    (no shield)
rNeg    . . .      Spirit   .    b - +0 leather armour
rPois   .          Reflect  .    (no helmet)
rElec   .          Harm     .    p - +0 cloak
rCorr   .          Rampage  .    (no gloves)
Will    .....                    (no boots)
Stlth   +.........               j - amulet of the acrobat
HPRegen 0.27/turn                i - +4 ring of protection
MPRegen 0.11/turn                (no ring)

@: heavily drained
A: no striking features
a: no special abilities


You were on level 4 of the Dungeon.
You visited 1 branch of the dungeon, and saw 4 of its levels.

You collected 186 gold pieces.

Inventory:

Hand Weapons
 a - a +0 hand axe (weapon)
 o - a +3 quarterstaff of chaos
Missiles
 s - 4 silver javelins {!f}
 u - 5 poisoned darts
Armour
 b - a +0 leather armour (worn)
 g - a +0 cloak
 p - a +0 cloak (worn)
 t - a +0 ring mail
Magical Staves
 f - a staff of conjuration
Jewellery
 i - a +4 ring of protection (left hand)
 j - an amulet of the acrobat (around neck)
 q - a +4 ring of protection
 r - an amulet of magic regeneration
Wands
 h - a wand of roots (17)
Scrolls
 c - 3 scrolls of identify {unknown}
 k - 2 scrolls of teleportation {unknown}
Potions
 d - a potion of resistance {unknown}
 l - a potion of degeneration {unknown}
 m - a potion of attraction {unknown}
 n - a potion of lignification {unknown}


   Skills:
 + Level 3.7 Fighting
 + Level 5.0 Axes
 + Level 1.8 Armour
 + Level 2.6 Dodging
 + Level 2.4 Spellcasting
 + Level 3.9 Conjurations
 + Level 0.4 Translocations
 + Level 1.8 Fire Magic


You had 6 spell levels left.
You knew the following spells:

 Your Spells              Type           Power      Damage    Failure   Level
a - Kiss of Death         Conj/Necr      28%        2d7       12%         1
b - Momentum Strike       Conj/Tloc      16%        3d8       16%         2

Your spell library contained the following spells:

 Spells                   Type           Power      Damage    Failure   Level
 Hailstorm                Conj/Ice       7%         3d4       34%         3
 Ignite Poison            Fire/Tmut/Pois 3%         N/A       52%         3
 Sticky Flame             Conj/Fire      10%        2d3       63%         4
 Animate Dead             Necr           1%         N/A       95%         4
 Haunt                    Necr/Summ      0%         N/A       100%        7
 Ignition                 Fire           3%         3d4       100%        8
 Infestation              Necr           0%         N/A       100%        8


Dungeon Overview and Level Annotations

Branches:
Dungeon (4/15)
 Temple: D:4-7

Altars:
Ru

Annotations:
D:3 3 runed translucent doors, jzarrow's ghost, weakling GnRe


Message History

The gnoll is severely wounded.
You barely miss the gnoll. You hit the gnoll.
The gnoll hits you but does no damage. The gnoll hits you with a +0 flail.
The gnoll hits you with a +0 club.
You hit the gnoll.
You kill the gnoll!
You hit the gnoll but do no damage. You hit the gnoll.
The gnoll barely misses you. The gnoll hits you but does no damage.
You closely miss the gnoll.
The gnoll is moderately wounded.
You barely miss the gnoll. The gnoll hits you but does no damage.
The gnoll closely misses you.
You closely miss the gnoll.
The gnoll is moderately wounded.
You barely miss the gnoll. The gnoll hits you with a +0 whip.
The gnoll hits you with a +0 flail!
* * * LOW HITPOINT WARNING * * *
You are too injured to fight recklessly!
You are too injured to fight recklessly!
You are too injured to fight recklessly!
You are too injured to fight recklessly!
You are too injured to fight recklessly!
The gnoll attacks as you move away! The gnoll hits you with a +0 flail.
* * * LOW HITPOINT WARNING * * *
The gnoll attacks as you move away! The gnoll barely misses you.
You hit the gnoll.
The gnoll is heavily wounded.
The gnoll barely misses you.
You hit the gnoll.
The gnoll is almost dead.
The gnoll hits you with a +0 whip.
* * * LOW HITPOINT WARNING * * *
You hit the gnoll but do no damage.
The gnoll is almost dead.
The gnoll hits you with a +0 whip.
* * * LOW HITPOINT WARNING * * *
You closely miss the gnoll.
The gnoll is almost dead.
The gnoll hits you with a +0 whip!
You die...

#...###########.
#....<.........#
#...###########.
##.########
#........#
#>.#####.#
#>.#####.##
#.........#
#@######..# #g#
#.....)g.....#
#.#####.####.#
..# ..# ...#
...# .....


You could see 2 gnolls.

Vanquished Creatures
  Crazy Yiuf (D:2)
  An iguana (D:4)
  Natasha (thrice) (D:2)
  An orc wizard (D:3)
  4 gnolls
  3 adders
  2 worms
  2 dart slugs (D:2)
  3 orcs (D:3)
  2 ball pythons
  7 endoplasms
  3 giant cockroaches (D:1)
  6 goblins
  10 hobgoblins
  12 jackals
  6 quokkas
  5 bats
  A frilled lizard (D:1)
  4 kobolds
  8 rats
  A fungus (D:2)
  14 plants (D:3)
99 creatures vanquished.

Notes
Turn   | Place    | Note
-------+----------+-------------------------------------------
     0 | D:1      | koil the Hill Orc Reaver began the quest for the Orb.
     0 | D:1      | Reached XP level 1. HP: 18/18 MP: 3/3
   132 | D:1      | Reached XP level 2. HP: 25/25 MP: 4/4
   302 | D:1      | Found a faded altar of an unknown god.
   494 | D:1      | Reached XP level 3. HP: 24/30 MP: 5/5
  1436 | D:2      | Noticed Natasha
  1445 | D:2      | Killed Natasha
  1446 | D:2      | Reached XP level 4. HP: 27/36 MP: 5/7
  1568 | D:2      | Noticed Natasha
  1577 | D:2      | Killed Natasha
  1578 | D:2      | Reached skill level 1 in Armour
  1578 | D:2      | Reached skill level 1 in Fire Magic
  1660 | D:2      | Reached XP level 5. HP: 45/45 MP: 8/8
  1705 | D:2      | Found a runed translucent door.
  1706 | D:2      | Noticed Crazy Yiuf
  1745 | D:2      | Noticed Natasha
  1758 | D:2      | Killed Natasha
  2026 | D:2      | HP: 8/44 [poisoned by Crazy Yiuf]
  2028 | D:2      | Killed Crazy Yiuf
  2210 | D:3      | Found a runed translucent gate.
  2210 | D:3      | Found a runed translucent gate.
  2220 | D:3      | Found a runed translucent gate.
  2338 | D:3      | Noticed jzarrow's ghost (weakling GnRe)
  2480 | D:3      | Found a sacrificial altar of Ru.
  2576 | D:3      | Learned a level 2 spell: Momentum Strike
  2727 | D:3      | Reached XP level 6. HP: 36/51 MP: 9/9
  2742 | D:3      | HP: 10/51 [gnoll/+0 club (5)]
  2800 | D:3      | Reached skill level 5 in Axes
  3399 | D:4      | HP: 9/46 [gnoll/+0 flail (4)]
  3402 | D:4      | HP: 4/46 [gnoll/+0 whip (4)]
  3403 | D:4      | Slain by a gnoll

Illustrated notes

Levels and vault maps discovered:
D:1:      amcnicky_arrival_underground_garden, layout_loops_ring,
          chequers_ecumenical_altar_simple, chequers_decorated_corner
D:2:      layout_basic, uniq_crazy_yiuf_cottage, uniq_natasha
D:3:      layout_basic, mainiacjoe_overflow_alcove_1,
          gammafunk_ghost_necromancy, serial_bayou_pond_c
D:4:      layout_loops_ring, gammafunk_temple_overflow_forgotten,
          minmay_misc_feat_diagonals

Skill      XL: |  1  2  3  4  5  6 |
---------------+-------------------+-----
Fighting       | 3 |  3.7
Dodging        | 2 |  2.6
Spellcasting   | 2 |  2.4
Armour         | 1 |  1.8
Fire Magic     | 1 |  1.8
Axes           | 5 |  5.0
Conjurations   | |  3.9
Translocations | |  0.4

Action                   |  1- 3 |  4- 6 || total
-------------------------+-------+-------++-------
Melee: Hand axe          |   161 |   246 ||   407
       Punch             |     2 |     3 ||     5
 Cast: Kiss of Death     |     1 |     1 ||     2
Evoke: Wand              |       |     1 ||     1
  Use: Scroll            |       |     1 ||     1
Armor: Leather armour    |    58 |    54 ||   112
       Ring mail         |       |    35 ||    35
Dodge: Dodged            |   104 |   145 ||   249

Table legend: (Time is in decaauts)
 A = Elapsed time spent in this place.
 B = Non-inter-level travel time spent in this place.
 C = Inter-level travel time spent in this place.
 D = Time resting spent in this place.
 E = Time spent auto-exploring this place.
 F = Levels seen in this place.
 G = Mean time per level.
                   A        B        C        D        E       F      G
               +--------+--------+--------+--------+--------+-----+--------+
         Total |   3438 |   3343 |     95 |    194 |   2343 |   4 |  859.5 |
       Dungeon |   3438 |   3343 |     95 |    194 |   2343 |   4 |  859.5 |
               +--------+--------+--------+--------+--------+-----+--------+

Top non-repeatable levels by time:
     D:2: 1299 daAuts
     D:3: 1092 daAuts
     D:1: 932 daAuts
     D:4: 114 daAuts
